 Dungeon Crawl Stone Soup version 0.26.1-11-gd32895ea62 (webtiles) character file.

Game seed: 6578475370155498782

436 Eitelfritz the Slasher (level 6, 0/52 HPs)
             Began as a Minotaur Gladiator on Apr 16, 2021.
             Slain by a centaur zombie (6 damage)
             ... in an ossuary.
             The game lasted 00:03:32 (1626 turns).

Eitelfritz the Slasher (Minotaur Gladiator)         Turns: 1626, Time: 00:03:32

Health: 0/52       AC:  3    Str: 18    XL:     6   Next: 69%
Magic:  5/5        EV: 13    Int:  7    God:
Gold:   57         SH:  0    Dex: 12    Spells: 5/5 levels left

rFire    . . .     SeeInvis .   a - +0 long sword
rCold    . . .     Faith    .   (no shield)
rNeg     . . .     Spirit   .   b - +0 leather armour
rPois    .         Reflect  .   c - +0 hat
rElec    .         Harm     .   (no cloak)
rCorr    .         Rampage  .   (no gloves)
Will     .....                  (no boots)
Stlth    +.........             (no amulet)
HPRegen  0.17/turn              (no ring)
MPRegen  0.09/turn              (no ring)

@: brilliant
A: retaliatory headbutt, horns 2
a: no special abilities


You were in an ossuary.
You visited 1 branch of the dungeon, and saw 3 of its levels.
You also visited: Ossuary.

You collected 57 gold pieces.

Inventory:

Hand Weapons
 a - a +0 long sword (weapon)
 m - a +1 flail of holy wrath
Missiles
 d - 3 throwing nets (quivered)
 f - 4 boomerangs
 p - 15 arrows
Armour
 b - a +0 leather armour (worn)
 c - a +0 hat (worn)
Wands
 k - a wand of disintegration (15)
Scrolls
 e - a scroll of teleportation {unknown}
 g - 2 scrolls of identify {unknown}
 h - a scroll of remove curse {unknown}
 i - a scroll of random uselessness {unknown}
 j - a scroll of blinking {unknown}
 n - a scroll of enchant armour {unknown}
Potions
 o - a potion of haste {unknown}


   Skills:
 + Level 4.1 Fighting
 + Level 6.5 Long Blades
 + Level 2.3 Throwing
 + Level 3.2 Armour
 + Level 4.5 Dodging
 + Level 0.8 Stealth


You had 5 spell levels left.
You didn't know any spells.
Your spell library was empty.

Dungeon Overview and Level Annotations

Branches:
Dungeon (4/15)            Ossuary (1/1)
 Temple: D:4-7

Altars:


Innate Abilities, Weirdness & Mutations

You reflexively headbutt those who attack you in melee.
You have a pair of horns on your head.


Message History

The centaur zombie hits you but does no damage.
You slash the centaur zombie! You headbutt the centaur zombie.
The centaur zombie is severely damaged.
The centaur zombie barely misses you.
You riposte.
You hit the centaur zombie but do no damage.
The centaur zombie is severely damaged.
The centaur zombie hits you.
* * * LOW HITPOINT WARNING * * *
You hit the centaur zombie. You headbutt the centaur zombie.
The centaur zombie is severely damaged.
The centaur zombie hits you.
* * * LOW HITPOINT WARNING * * *
You hit the centaur zombie.
The centaur zombie is almost destroyed.
The centaur zombie completely misses you.
The centaur zombie barely misses you.
It was a potion of brilliance.
You feel clever all of a sudden. The centaur zombie hits you.
You die...

#.......# ##.....##
###.### #'# ###.###
#### ##.....##
#...## #.......#
.....#
##...∩...###.....##
+...∩∩∩...@ZZ.....#
##...∩...###.....##
#.......# .....#
##.....## #...##
###.### #### #+#


You could see a centaur zombie and a human zombie.

Vanquished Creatures
  3 elf zombies (Ossuary)
  A centaur zombie (Ossuary)
  2 human zombies (Ossuary)
  A bullfrog skeleton (D:4)
  A worker ant (D:4)
  2 mummies (Ossuary)
  An adder (D:2)
  2 oozes
  2 dart slugs
  5 leopard geckos
  2 ball pythons (D:1)
  3 giant cockroaches (D:2)
  4 goblins
  5 hobgoblins
  3 jackals (D:2)
  5 kobolds
  A quokka (D:4)
  9 bats
  7 rats (D:1)
59 creatures vanquished.

Notes
Turn   | Place    | Note
-------+----------+-------------------------------------------
     0 | D:1      | Eitelfritz the Minotaur Gladiator began the quest for the
                  | Orb.
     0 | D:1      | Reached XP level 1. HP: 18/18 MP: 0/0
    92 | D:1      | Reached XP level 2. HP: 25/25 MP: 1/1
   392 | D:1      | Reached skill level 4 in Long Blades
   498 | D:1      | Reached XP level 3. HP: 27/30 MP: 2/2
   546 | D:1      | Reached skill level 1 in Armour
   903 | D:2      | Found a faded altar of an unknown god.
  1057 | D:2      | Reached XP level 4. HP: 38/38 MP: 3/3
  1173 | D:2      | You fall into a shaft and drop 2 floors!
  1257 | D:4      | Noticed an ice beast
  1260 | D:4      | Reached skill level 5 in Long Blades
  1271 | D:4      | Found a sand-covered staircase.
  1291 | Ossuary  | Entered an ossuary
  1414 | Ossuary  | Reached XP level 5. HP: 45/45 MP: 4/4
  1436 | Ossuary  | Reached XP level 6. HP: 38/52 MP: 5/5
  1447 | Ossuary  | Reached skill level 6 in Long Blades
  1626 | Ossuary  | Slain by a centaur zombie

Illustrated notes

Levels and vault maps discovered:
D:1:      dpeg_arrival_shrine, layout_loops_ring
D:2:      layout_rooms, chequers_ecumenical_altar_simple
D:4:      layout_basic, chequers_ossuary_entry_cave
Ossuary:  ossuary_minmay_four_chambers

Skill      XL: |  1  2  3  4  5  6 |
---------------+-------------------+-----
Long Blades    | 4 5 6 |  6.5
Armour         | 1 2 3 |  3.2
Fighting       | 3 4 |  4.1
Dodging        | 4 |  4.5
Throwing       | |  2.3
Stealth        | |  0.8

Action                   |  1- 3 |  4- 6 || total
-------------------------+-------+-------++-------
Melee: Long sword        |    48 |    83 ||   131
       Headbutt          |    11 |    29 ||    40
  Use: Potion            |       |     1 ||     1
Armor: Leather armour    |    12 |    10 ||    22
Dodge: Dodged            |    45 |    44 ||    89
       Rpst.: Long sword |    13 |    16 ||    29
